General information
- name: BNet
- type: Ladder team game (AT/RT)
- host: Battle.net
- saver: 4v4randomteamer
map: Mur'gulOasis
- players: 8
- length: 14:48
- speed: Fast
- version: 1.26 W3XP
- replay type: Public
» download(94 KB)
Players
team 1 (loser)

»
THEYCALLMEGREAT (
pink | 50 APM | 724 actions | 14:32)
3 Blademaster
2 Wind Walk
1 Critical Strike
2 Shadow Hunter
1 Healing Wave
1 Serpent Ward
» actions
| Build / train | 57 | |
| Enter build submenu | 16 | |
| Enter hero's abilities submenu | 6 | |
| Remove unit from queue | 2 | |
| Right click | 393 | |
| Select / deselect | 193 | |
| Use ability | 57 | |
724 total
» units
| Peon | 11 | |
| Troll Headhunter/Berserker | 16 | |
| Troll Witch Doctor | 3 | |
| Kodo Beast | 2 | |
| Wind Rider | 1 | |
33 total
» upgrades
| Melee Weapons | 1 | |
| Spiked Barricades | 1 | |
| Armor | 1 | |
| Troll Regeneration | 1 | |
| Berserker Strength | 1 | |
| Witch Doctor Training | 2 | |
| Berserker Upgrade | 1 | |
| War Drums Damage Increase | 1 | |
| Envenomed Spears | 1 | |
10 total
» buildings
| Altar of Storms | 1 | |
| Orc Burrow | 5 | |
| Barracks | 1 | |
| War Mill | 1 | |
| Voodoo Lounge | 1 | |
| Stronghold | 1 | |
| Watch Tower | 3 | |
| Spirit Lodge | 1 | |
| Beastiary | 1 | |
| Fortress | 1 | |
16 total
» build order
00:18 Altar of Storms
00:33 Orc Burrow
01:14 Barracks
01:36 War Mill
01:50 Orc Burrow
02:04 Voodoo Lounge
02:38 Orc Burrow
04:21 Stronghold
04:38 Watch Tower
06:40 Watch Tower
06:44 Orc Burrow
08:13 Spirit Lodge
08:17 Beastiary
09:02 Fortress
09:40 Orc Burrow
13:03 Watch Tower
» items
| Healing Salve | 1 | |
| Lesser Clarity Potion | 1 | |
| Scroll of Speed | 1 | |
3 total
Blood-Marduk (
red | 42 APM | 624 actions | 14:45)
3 Dreadlord
2 Carrion Swarm
1 Vampiric Aura
1 Pit Lord
1 Howl of Terror
» actions
| Assign group hotkey | 20 | |
| Build / train | 36 | |
| Enter build submenu | 17 | |
| Enter hero's abilities submenu | 4 | |
| Give item / drop item | 1 | |
| Right click | 285 | |
| Select / deselect | 167 | |
| Select group hotkey | 63 | |
| Use ability | 31 | |
624 total
» units
| Acolyte | 3 | |
| Ghoul | 11 | |
| Abomination | 2 | |
| Gargoyle | 3 | |
19 total
» upgrades
| Cannibalize | 1 | |
| Creature Attack | 1 | |
| Unholy Armor | 1 | |
3 total
» buildings
| Ziggurat | 8 | |
| Crypt | 2 | |
| Altar of Darkness | 1 | |
| Graveyard | 1 | |
| Nerubian Tower | 1 | |
| Tomb of Relics | 1 | |
| Spirit Tower | 3 | |
| Halls of the Dead | 1 | |
| Sacrificial Pit | 1 | |
| Slaughterhouse | 2 | |
| Black Citadel | 1 | |
22 total
» build order
00:30 Ziggurat
00:39 Crypt
00:45 Altar of Darkness
01:23 Ziggurat
01:47 Graveyard
02:14 Nerubian Tower
02:41 Ziggurat
02:46 Tomb of Relics
04:10 Spirit Tower
04:23 Halls of the Dead
05:39 Ziggurat
06:52 Sacrificial Pit
06:57 Slaughterhouse
07:04 Slaughterhouse
07:09 Ziggurat
07:21 Crypt
07:44 Black Citadel
09:19 Ziggurat
10:03 Spirit Tower
10:04 Spirit Tower
12:48 Ziggurat
13:00 Ziggurat
» items
| Scroll of Town Portal | 1 | |
| Potion of Healing | 1 | |
2 total

»
You_Do_it (
blue | 40 APM | 582 actions | 14:38)
3 Blademaster
2 Wind Walk
1 Critical Strike
2 Goblin Tinker
1 Pocket Factory
1 Engineering Upgrade
» actions
| Build / train | 63 | |
| Enter build submenu | 16 | |
| Enter hero's abilities submenu | 5 | |
| Remove unit from queue | 1 | |
| Right click | 271 | |
| Select / deselect | 176 | |
| Use ability | 50 | |
582 total
» units
» upgrades
» buildings
| Altar of Storms | 1 | |
| Orc Burrow | 6 | |
| Barracks | 1 | |
| War Mill | 1 | |
| Voodoo Lounge | 1 | |
| Stronghold | 3 | |
| Watch Tower | 2 | |
| Beastiary | 3 | |
| Fortress | 3 | |
21 total
» build order
00:06 Altar of Storms
00:08 Orc Burrow
00:11 Barracks
01:50 Orc Burrow
04:34 Orc Burrow
05:05 War Mill
05:14 Voodoo Lounge
05:59 Stronghold
06:00 Stronghold
06:00 Stronghold
06:06 Orc Burrow
06:45 Watch Tower
06:57 Watch Tower
08:50 Beastiary
08:52 Beastiary
08:56 Beastiary
11:59 Orc Burrow
12:02 Fortress
12:02 Fortress
12:07 Orc Burrow
» items
| Healing Salve | 2 | |
| Scroll of Town Portal | 1 | |
| Scroll of Speed | 1 | |
4 total

»
whodouwantokill (
green | 26 APM | 359 actions | 13:55)
1 Archmage
1 Summon Water Elemental
» actions
| Assign group hotkey | 2 | |
| Build / train | 37 | |
| Enter build submenu | 19 | |
| Enter hero's abilities submenu | 1 | |
| Right click | 141 | |
| Select / deselect | 119 | |
| Use ability | 40 | |
359 total
» units
| Peasant | 11 | |
| Footman | 8 | |
| Siege Engine | 7 | |
26 total
» upgrades
| Lumber Harvesting | 1 | |
| Gunpowder | 1 | |
| Plating | 1 | |
3 total
» buildings
| Altar of Kings | 1 | |
| Farm | 8 | |
| Barracks | 1 | |
| Scout Tower | 2 | |
| Lumber Mill | 1 | |
| Keep | 2 | |
| Guard Tower | 1 | |
| Arcane Vault | 1 | |
| Blacksmith | 1 | |
| Castle | 1 | |
| Workshop | 3 | |
22 total
» build order
00:11 Altar of Kings
01:00 Farm
01:34 Barracks
01:37 Farm
02:51 Scout Tower
02:56 Lumber Mill
03:43 Farm
04:37 Keep
04:41 Guard Tower
04:44 Farm
05:00 Arcane Vault
05:35 Farm
06:56 Blacksmith
07:00 Farm
08:26 Castle
08:32 Workshop
08:55 Workshop
09:39 Farm
10:05 Workshop
10:23 Farm
12:19 Scout Tower
» items
| Scroll of Regeneration | 1 | |
| Potion of Healing | 1 | |
2 total
team 2 (winner)
4v4randomteamer (
purple | 72 APM | 1061 actions | 14:48)
4 Blademaster
2 Wind Walk
2 Critical Strike
3 Tauren Chieftain
2 Endurance Aura
1 Shockwave
» actions
| Assign group hotkey | 22 | |
| Basic commands | 14 | |
| Build / train | 63 | |
| Enter build submenu | 18 | |
| Enter hero's abilities submenu | 8 | |
| Give item / drop item | 2 | |
| Right click | 445 | |
| Select / deselect | 232 | |
| Select group hotkey | 206 | |
| Use ability | 51 | |
1061 total
» units
| Peon | 10 | |
| Grunt | 8 | |
| Troll Headhunter/Berserker | 4 | |
| Troll Witch Doctor | 1 | |
| Kodo Beast | 4 | |
27 total
» upgrades
| Berserker Strength | 1 | |
| Pillage | 1 | |
| Armor | 2 | |
| Ranged Weapons | 1 | |
| Melee Weapons | 1 | |
| Troll Regeneration | 1 | |
| War Drums Damage Increase | 1 | |
| Witch Doctor Training | 2 | |
| Reinforced Defenses | 1 | |
| Berserker Upgrade | 1 | |
12 total
» buildings
| Altar of Storms | 1 | |
| Orc Burrow | 4 | |
| Barracks | 1 | |
| Voodoo Lounge | 1 | |
| Stronghold | 1 | |
| War Mill | 1 | |
| Watch Tower | 2 | |
| Beastiary | 1 | |
| Spirit Lodge | 1 | |
| Fortress | 1 | |
14 total
» build order
00:02 Altar of Storms
00:08 Orc Burrow
00:52 Barracks
01:17 Orc Burrow
02:39 Voodoo Lounge
03:30 Stronghold
03:43 Orc Burrow
04:21 War Mill
06:21 Watch Tower
06:26 Watch Tower
07:29 Orc Burrow
09:18 Beastiary
09:32 Spirit Lodge
09:42 Fortress
» items
| Healing Salve | 2 | |
| Lesser Clarity Potion | 1 | |
| Scroll of Speed | 1 | |
| Boots of Speed | 2 | |
| Scroll of Town Portal | 1 | |
| Periapt of Vitality | 1 | |
8 total
ToSeNeWrati (
teal | 34 APM | 505 actions | 14:46)
5 Keeper of the Grove
3 Force of Nature
2 Entangling Roots
» actions
| Build / train | 62 | |
| Enter build submenu | 13 | |
| Enter hero's abilities submenu | 5 | |
| Give item / drop item | 2 | |
| Right click | 189 | |
| Select / deselect | 194 | |
| Use ability | 40 | |
505 total
» units
| Wisp | 17 | |
| Huntress | 3 | |
| Dryad | 13 | |
| Hippogryph | 3 | |
| Archer | 3 | |
| Faerie Dragon | 4 | |
43 total
» upgrades
| Reinforced Hides | 2 | |
| Abolish Magic | 1 | |
| Strength of the Wild | 2 | |
5 total
» buildings
| Altar of Elders | 1 | |
| Moon Well | 6 | |
| Hunter's Hall | 1 | |
| Ancient of War | 1 | |
| Ancient Protector | 1 | |
| Ancient of Wonders | 1 | |
| Tree of Ages | 1 | |
| Ancient of Lore | 1 | |
| Ancient of Wind | 1 | |
| Tree of Eternity | 1 | |
15 total
» build order
00:16 Altar of Elders
00:24 Moon Well
01:06 Hunter's Hall
01:45 Ancient of War
02:12 Ancient Protector
02:21 Ancient of Wonders
02:45 Moon Well
03:22 Tree of Ages
04:33 Moon Well
05:49 Ancient of Lore
07:10 Ancient of Wind
08:16 Moon Well
10:33 Moon Well
11:31 Moon Well
12:55 Tree of Eternity
» items
| Lesser Clarity Potion | 2 | |
| Dust of Appearance | 1 | |
| Potion of Mana | 2 | |
| Scroll of Town Portal | 1 | |
6 total

»
JanoPastrana (
yellow | 44 APM | 652 actions | 14:46)
4 Blademaster
2 Wind Walk
2 Critical Strike
» actions
| Build / train | 41 | |
| Enter build submenu | 10 | |
| Enter hero's abilities submenu | 4 | |
| Right click | 420 | |
| Select / deselect | 141 | |
| Use ability | 36 | |
652 total
» units
» upgrades
| Ranged Weapons | 3 | |
| Armor | 1 | |
| Liquid Fire | 1 | |
5 total
» buildings
| Orc Burrow | 4 | |
| Altar of Storms | 1 | |
| Stronghold | 1 | |
| War Mill | 1 | |
| Voodoo Lounge | 1 | |
| Fortress | 1 | |
| Beastiary | 2 | |
| Watch Tower | 1 | |
12 total
» build order
00:12 Orc Burrow
01:10 Altar of Storms
02:45 Orc Burrow
02:48 Stronghold
02:51 War Mill
02:56 Voodoo Lounge
04:29 Orc Burrow
05:15 Fortress
05:21 Beastiary
06:47 Beastiary
08:47 Orc Burrow
09:29 Watch Tower
» items
| Orb of Lightning | 1 | |
| Scroll of Speed | 2 | |
| Potion of Healing | 2 | |
| Lesser Clarity Potion | 1 | |
6 total
mandolinista (
orange | 55 APM | 813 actions | 14:46)
3 Priestess of the Moon
1 Searing Arrows
2 Trueshot Aura
2 Keeper of the Grove
1 Force of Nature
1 Thorns Aura
» actions
| Assign group hotkey | 23 | |
| Build / train | 51 | |
| Enter build submenu | 14 | |
| Enter hero's abilities submenu | 5 | |
| Remove unit from queue | 1 | |
| Right click | 247 | |
| Select / deselect | 151 | |
| Select group hotkey | 294 | |
| Use ability | 27 | |
813 total
» units
» upgrades
| Strength of the Moon | 1 | |
| Moon Armor | 1 | |
| Improved Bows | 1 | |
| Abolish Magic | 1 | |
| Marksmanship | 1 | |
5 total
» buildings
| Altar of Elders | 1 | |
| Moon Well | 5 | |
| Ancient of War | 1 | |
| Ancient of Wonders | 1 | |
| Hunter's Hall | 1 | |
| Tree of Ages | 1 | |
| Ancient Protector | 4 | |
| Ancient of Lore | 1 | |
| Tree of Eternity | 1 | |
16 total
» build order
00:15 Altar of Elders
00:29 Moon Well
00:47 Ancient of War
01:33 Moon Well
03:15 Moon Well
03:25 Ancient of Wonders
03:30 Hunter's Hall
04:19 Moon Well
05:20 Tree of Ages
05:47 Moon Well
08:18 Ancient Protector
08:25 Ancient Protector
08:30 Ancient Protector
09:14 Ancient Protector
09:20 Ancient of Lore
11:30 Tree of Eternity
» items
Chat log
(00:59 / Allies) mandolinista: archers, dryads
(01:09 / All) Blood-Marduk: i always wear comdons
(03:44 / All) Blood-Marduk: Teal noob tech
(07:58 / Allies) JanoPastrana: out
(09:15 / All) Blood-Marduk: my team sucks hard
(11:24 / All) Blood-Marduk: my team suck dick
(11:32 / Allies) JanoPastrana: help
(12:52 / All) Blood-Marduk: all tower mains
(12:55 / All) Blood-Marduk: yellow got bats
(13:47 / All) whodouwantokill: 2 bases being hit reds attacking none and we suk :)
(14:40 / All) 4v4randomteamer: gg